[Event "RUS-ch Men Blitz 2019"]
[Site "Sochi"]
[Date "2019.10.17"]
[Round "10.18"]
[White "Remizov, Yaroslav"]
[Black "Vastrukhin, Oleg"]
[Result "1/2-1/2"]
[ECO "C18"]
[WhiteElo "2394"]
[BlackElo "2428"]
[Annotator "NA"]
[PlyCount "111"]
[EventDate "2019.10.17"]
[EventType "swiss"]
[EventCountry "RUS"]
[SourceTitle "playchess.com"]
[Source "ChessBase"]
[SourceQuality "1"]
[TimeControl "180+2"]

1. e4 e6 2. d4 d5 3. Nc3 Bb4 4. e5 c5 5. a3 Bxc3+ 6. bxc3 Nc6 7. Qg4 g6 8. h4 h6 9. Rh3 Qa5 10. Bd2 Qa4 11. Qd1 Bd7 12. Rb1 c4 13. Rxb7 Qxa3 14. Rb1 Qa5 15. Ra1 Qc7 16. Bc1 Nge7 17. Ba3 Qb7 18. f4 a5 19. h5 a4 20. Nf3 Qa6 21. Be2 Qa5 22. Nd2 Rb8 23. Kf2 Nf5 24. Bg4 Rb5 25. hxg6 fxg6 26. Bxf5 exf5 27. Qe2 Be6 28. Rah1 h5 29. Rg3 Rg8 30. Rh2 Kd7 31. Re3 Rbb8 32. Nf3 Na7 33. Ng5 Nb5 34. Bb4 Qa6 35. Nh7 a3 36. Nf6+ Kc6 37. Rh1 a2 38. Nxg8 Rxg8 39. Ra1 Rb8 40. Qe1 Qa4 41. Qc1 Ra8 42. Bc5 Kd7 43. Qb2 Kc6 44. Ree1 Qa5 45. Bb4 Qa4 46. Bc5 Qa5 47. Bb4 Qa4 48. Kg3 Qa7 49. Bc5 Qa5 50. Bb4 Qa4 51. Kh4 Qa7 52. Kg5 Qa4 53. Rh1 Qa7 54. Kh4 Qa4 55. Kg3 Qa7 56. Kf3 1/2-1/2

[Event "RUS-ch Men Blitz 2019"]
[Site "Sochi"]
[Date "2019.10.17"]
[Round "10.19"]
[White "Sadovsky, Artem"]
[Black "Sysolyatin, Evgeny"]
[Result "0-1"]
[ECO "A20"]
[WhiteElo "2411"]
[BlackElo "2271"]
[Annotator "NA"]
[PlyCount "52"]
[EventDate "2019.10.17"]
[EventType "swiss"]
[EventCountry "RUS"]
[SourceTitle "playchess.com"]
[Source "ChessBase"]
[SourceQuality "1"]
[TimeControl "180+2"]

1. c4 e5 2. g3 Nf6 3. Bg2 d5 4. cxd5 Nxd5 5. Nc3 Ne7 6. Nf3 Nbc6 7. O-O g6 8. d3 Bg7 9. Rb1 O-O 10. b4 Nd4 11. Nxd4 exd4 12. Ne4 Nd5 13. Bd2 b6 14. Qb3 Bb7 15. Rfc1 Re8 16. Bg5 Qd7 17. Nf6+ Bxf6 18. Bxf6 Rxe2 19. Bxd4 Nf4 20. Ba1 Nh3+ 21. Kf1 Rxf2+ 22. Ke1 Qe7+ 23. Be4 Bxe4 24. Rxc7 Qxc7 25. dxe4 Re8 26. Qd3 Qc2 0-1

[Event "RUS-ch Men Blitz 2019"]
[Site "Sochi"]
[Date "2019.10.17"]
[Round "10.20"]
[White "Gubsky, Egor"]
[Black "Chekletsov, Ilya"]
[Result "1-0"]
[ECO "E15"]
[WhiteElo "2339"]
[BlackElo "2377"]
[Annotator "NA"]
[PlyCount "73"]
[EventDate "2019.10.17"]
[EventType "swiss"]
[EventCountry "RUS"]
[SourceTitle "playchess.com"]
[Source "ChessBase"]
[SourceQuality "1"]
[TimeControl "180+2"]

1. d4 Nf6 2. c4 e6 3. Nf3 b6 4. g3 Ba6 5. b3 Bb7 6. Bg2 Bb4+ 7. Bd2 c5 8. Bxb4 cxb4 9. O-O O-O 10. d5 exd5 11. Nh4 Qc7 12. Nd2 dxc4 13. Nxc4 Bxg2 14. Nxg2 d5 15. Nce3 Qd7 16. Nf4 d4 17. Nc2 Nc6 18. Qd3 Rac8 19. Rfd1 Rfd8 20. Qb5 Ne4 21. Qh5 Nc3 22. Rd2 Qe7 23. Rad1 Nxd1 24. Rxd1 Qe5 25. Qg4 a5 26. Ne1 Ne7 27. Nf3 Qf5 28. Qh4 Qf6 29. Qg4 Ng6 30. Nh5 Qe6 31. Qg5 Qxe2 32. Rxd4 Rxd4 33. Nxd4 Qe1+ 34. Kg2 Qe4+ 35. Nf3 f6 36. Qxf6 Rf8 37. Qxg7# {[%emt 0:00:02] Qd5} 1-0

[Event "RUS-ch Men Blitz 2019"]
[Site "Sochi"]
[Date "2019.10.17"]
[Round "10.21"]
[White "Radzhabov, Rodion"]
[Black "Korchmar, Vasiliy"]
[Result "0-1"]
[ECO "B40"]
[WhiteElo "2211"]
[BlackElo "2432"]
[Annotator "NA"]
[PlyCount "154"]
[EventDate "2019.10.17"]
[EventType "swiss"]
[EventCountry "RUS"]
[SourceTitle "playchess.com"]
[Source "ChessBase"]
[SourceQuality "1"]
[TimeControl "180+2"]

1. e4 c5 2. Nf3 e6 3. b3 a6 4. Bb2 Nc6 5. c4 Nge7 6. d4 cxd4 7. Nxd4 Ng6 8. Nc2 Bc5 9. g3 O-O 10. Bg2 b5 11. Nd2 Nce5 12. O-O bxc4 13. Nxc4 Nxc4 14. bxc4 Bb7 15. Rb1 Qc7 16. Bd4 Bxd4 17. Qxd4 Rfc8 18. Ne3 a5 19. h4 h6 20. Rfd1 Bc6 21. c5 Rab8 22. Nc4 Rxb1 23. Rxb1 Rb8 24. Rb6 a4 25. Qd6 Qxd6 26. Nxd6 Ra8 27. f4 Ra5 28. Rb8+ Nf8 29. Nc8 f6 30. Ne7+ Kf7 31. Nxc6 dxc6 32. Rb7+ Kg8 33. Rb4 Nd7 34. Bh3 Nxc5 35. Rb6 Nxe4 36. Bxe6+ Kf8 37. Kg2 Rc5 38. Rb7 Rc2+ 39. Kf3 Nc5 40. Rb8+ Ke7 41. Bg8 Rd2 42. Rb6 Kd6 43. Kg4 Rd3 44. Rb8 Kc7 45. Rf8 Ne4 46. Kf5 Nxg3+ 47. Kg6 Rd4 48. Rf7+ Kb6 49. Rxg7 Rxf4 50. Rf7 Rxh4 51. Rxf6 h5 52. Rf3 Rg4+ 53. Kh7 h4 54. Be6 Rg5 55. Kh6 Ne4 56. Rf4 Re5 57. Bg8 h3 58. Rh4 Nf2 59. Kg6 a3 60. Kf6 Re4 61. Rh7 Rg4 62. Be6 Rg3 63. Ke5 Re3+ 64. Kf6 Rf3+ 65. Ke5 Re3+ 66. Kf6 Ne4+ 67. Kf5 Ng3+ 68. Kf6 Ne4+ 69. Kf5 Nd6+ 70. Kf6 Ne4+ 71. Kf5 Nc3 72. Bb3 Kc5 73. Kf4 Rd3 74. Rh5+ Nd5+ 75. Bxd5 cxd5 76. Ke5 Kc4 77. Rh4+ Kc3 {[%emt 0:00:02] Kd4+} 0-1

[Event "RUS-ch Men Blitz 2019"]
[Site "Sochi"]
[Date "2019.10.17"]
[Round "10.22"]
[White "Kokarev, Dmitry"]
[Black "Tekeyev, Zaur"]
[Result "1-0"]
[ECO "A00"]
[WhiteElo "2593"]
[BlackElo "2384"]
[Annotator "ChessBase"]
[PlyCount "51"]
[EventDate "2019.10.17"]
[EventType "swiss"]
[EventCountry "RUS"]
[SourceTitle "playchess.com"]
[Source "ChessBase"]
[SourceQuality "1"]
[TimeControl "180+2"]

1. g3 e5 2. c4 Nc6 3. Bg2 Bc5 4. e3 a6 5. Nc3 d6 6. Nf3 Ba7 7. d4 exd4 8. exd4 Bg4 9. Be3 Nge7 10. h3 Bd7 11. d5 Ne5 12. Bxa7 Rxa7 13. Nxe5 dxe5 14. O-O O-O 15. c5 b6 16. b4 bxc5 17. bxc5 Bf5 18. Re1 Ng6 19. h4 Qe7 20. h5 Nh8 21. d6 cxd6 22. cxd6 Qe6 23. Qd5 Rd7 24. Rxe5 Qxd5 25. Nxd5 g6 26. Nf6+ 1-0

[Event "RUS-ch Men Blitz 2019"]
[Site "Sochi"]
[Date "2019.10.17"]
[Round "10.23"]
[White "Papenin, Nikolai"]
[Black "Bryakin, Mikhail"]
[Result "1/2-1/2"]
[ECO "A42"]
[WhiteElo "2295"]
[BlackElo "2440"]
[Annotator "NA"]
[PlyCount "118"]
[EventDate "2019.10.17"]
[EventType "swiss"]
[EventCountry "RUS"]
[SourceTitle "playchess.com"]
[Source "ChessBase"]
[SourceQuality "1"]
[TimeControl "180+2"]

1. d4 g6 2. c4 Bg7 3. Nc3 d6 4. e4 e6 5. h4 h6 6. Nge2 Ne7 7. Ng3 b6 8. Be3 Bb7 9. Bd3 Nd7 10. f4 a6 11. h5 g5 12. fxg5 hxg5 13. Qg4 c5 14. d5 Ne5 15. Qe2 Ng8 16. O-O Nh6 17. Qd2 Nxd3 18. Qxd3 Ng4 19. Nce2 Be5 20. Bd2 Qe7 21. Bc3 O-O-O 22. Qf3 Bxc3 23. Qxg4 Be5 24. Rab1 b5 25. b4 Qc7 26. cxb5 axb5 27. bxc5 Qxc5+ 28. Kh1 Kb8 29. Rxf7 exd5 30. Qe6 Rhe8 31. Qg6 dxe4 32. Rc1 Qb6 33. Qh7 Rh8 34. Qf5 e3 35. Rcc7 Qxc7 36. Rxc7 Kxc7 37. Qd3 Bf4 38. Qxb5 d5 39. Qc5+ Kb8 40. Nf5 Rxh5+ 41. Kg1 Rdh8 42. Nfg3 R5h6 43. a4 Rc6 44. Qd4 Rhc8 45. a5 Rc4 46. Qf6 R8c6 47. Qh8+ Ka7 48. Qb2 d4 49. Nxd4 Rc1+ 50. Nf1 R1c5 51. Nxc6+ Rxc6 52. Qd4+ Kb8 53. Qh8+ Rc8 54. Qb2 Rc6 55. Qh8+ Rc8 56. Qb2 Rc6 57. Qh8+ Rc8 58. Qb2 Rc6 59. Qh8+ Rc8 {[%emt 0:00:01] Kh2} 1/2-1/2

[Event "RUS-ch Men Blitz 2019"]
[Site "Sochi"]
[Date "2019.10.17"]
[Round "10.24"]
[White "Smagin, Sergey"]
[Black "Oganian, Miran"]
[Result "0-1"]
[ECO "B22"]
[WhiteElo "2551"]
[BlackElo "2436"]
[Annotator "ChessBase"]
[PlyCount "79"]
[EventDate "2019.10.17"]
[EventType "swiss"]
[EventCountry "RUS"]
[SourceTitle "playchess.com"]
[Source "ChessBase"]
[SourceQuality "1"]
[TimeControl "180+2"]

1. e4 c5 2. c3 Nf6 3. e5 Nd5 4. Nf3 Nc6 5. Na3 d6 6. exd6 Qxd6 7. d4 cxd4 8. Nb5 Qd8 9. Nbxd4 Bd7 10. Bc4 Nb6 11. Bb3 e6 12. O-O Nxd4 13. Qxd4 Bc6 14. Qxd8+ Rxd8 15. Ne5 Be4 16. Be3 Bd6 17. Bd4 Ke7 18. Rfe1 Bd5 19. Bxb6 axb6 20. Bxd5 Bxe5 21. Bxb7 Bf6 22. Bf3 Rd2 23. Re2 Rhd8 24. Rxd2 Rxd2 25. Rb1 g6 26. Kf1 h5 27. Ke1 Bg5 28. h4 Bh6 29. g3 f5 30. Be2 e5 31. a4 e4 32. b4 Ra2 33. a5 Bd2+ 34. Kf1 bxa5 35. b5 Kd7 36. b6 Kc8 37. Ba6+ Kb8 38. c4 Bb4 39. Rd1 Rd2 40. Rxd2 0-1

[Event "RUS-ch Men Blitz 2019"]
[Site "Sochi"]
[Date "2019.10.17"]
[Round "10.25"]
[White "Pogromsky, Mikhail"]
[Black "Airapetian, Gor"]
[Result "1-0"]
[ECO "E04"]
[WhiteElo "2411"]
[BlackElo "2447"]
[Annotator "NA"]
[PlyCount "75"]
[EventDate "2019.10.17"]
[EventType "swiss"]
[EventCountry "RUS"]
[SourceTitle "playchess.com"]
[Source "ChessBase"]
[SourceQuality "1"]
[TimeControl "180+2"]

1. Nf3 d5 2. d4 Nf6 3. c4 e6 4. g3 dxc4 5. Bg2 Bb4+ 6. Nc3 c6 7. O-O Nbd7 8. a4 O-O 9. Qc2 Qe7 10. Nd2 e5 11. d5 cxd5 12. Nxd5 Nxd5 13. Bxd5 Nb6 14. Be4 f5 15. Bg2 Be6 16. a5 Nd7 17. a6 Nc5 18. axb7 Nxb7 19. Nxc4 Rac8 20. b3 Nc5 21. Rb1 e4 22. Bf4 Nxb3 23. Qxb3 Bxc4 24. Qxb4 Qxb4 25. Rxb4 Bxe2 26. Ra1 a6 27. Bf1 Bxf1 28. Kxf1 Rc6 29. Rb7 Rf7 30. Rb8+ Rf8 31. Rb4 Rfc8 32. Kg2 Kf7 33. Be5 g6 34. Bf4 Ke6 35. Rb7 h5 36. h4 Kd5 37. Ra7 Kc4 38. R7xa6 1-0

[Event "RUS-ch Men Blitz 2019"]
[Site "Sochi"]
[Date "2019.10.17"]
[Round "10.26"]
[White "Derjabin, Ilja"]
[Black "Volovich, Vasily"]
[Result "1-0"]
[ECO "E20"]
[WhiteElo "2333"]
[BlackElo "2120"]
[Annotator "NA"]
[PlyCount "98"]
[EventDate "2019.10.17"]
[EventType "swiss"]
[EventCountry "RUS"]
[SourceTitle "playchess.com"]
[Source "ChessBase"]
[SourceQuality "1"]
[TimeControl "180+2"]

1. d4 e6 2. c4 Nf6 3. Nc3 Bb4 4. f3 d5 5. a3 Bxc3+ 6. bxc3 c5 7. e3 O-O 8. Bd3 dxc4 9. Bxc4 Qc7 10. Bb3 e5 11. d5 c4 12. Bc2 Qa5 13. e4 Qxc3+ 14. Bd2 Qd4 15. Ne2 Qb6 16. Rb1 Qc7 17. O-O b6 18. Kh1 Nbd7 19. Nc3 Nc5 20. f4 Bb7 21. Qf3 Nfd7 22. Nb5 Qb8 23. Qg3 f6 24. Nc3 Qd6 25. Nb5 Qe7 26. f5 a6 27. Nc7 Rac8 28. Ne6 Rf7 29. Be3 Kh8 30. Nxc5 Nxc5 31. Rxb6 Qc7 32. Rfb1 Nb3 33. Bxb3 cxb3 34. R6xb3 a5 35. Rxb7 Qxb7 36. Rxb7 Rxb7 37. h4 Rb3 38. Qf2 Rxa3 39. Qd2 Ra1+ 40. Kh2 a4 41. d6 a3 42. d7 Rd8 43. Bb6 a2 44. Bxd8 Rh1+ 45. Kxh1 a1=Q+ 46. Kh2 Qf1 47. Be7 h5 48. d8=Q+ Kh7 49. Qe8 Qf3 1-0

[Event "RUS-ch Men Blitz 2019"]
[Site "Sochi"]
[Date "2019.10.17"]
[Round "10.27"]
[White "Ulybin, Mikhail"]
[Black "Gurvich, Vitaly"]
[Result "0-1"]
[ECO "D80"]
[WhiteElo "2455"]
[BlackElo "2278"]
[Annotator "ChessBase"]
[PlyCount "146"]
[EventDate "2019.10.17"]
[EventType "swiss"]
[EventCountry "RUS"]
[SourceTitle "playchess.com"]
[Source "ChessBase"]
[SourceQuality "1"]
[TimeControl "180+2"]

1. d4 Nf6 2. c4 g6 3. Nc3 d5 4. e3 Bg7 5. cxd5 Nxd5 6. Nxd5 Qxd5 7. Ne2 O-O 8. Nc3 Qd6 9. Be2 c5 10. Ne4 Qc6 11. Nxc5 Qxg2 12. Bf3 Qh3 13. Qe2 Nc6 14. Bd2 Bxd4 15. Bxc6 Bxc5 16. Bf3 Be6 17. Bc3 Rab8 18. Rg1 Bd6 19. Bg2 Qh4 20. O-O-O Qa4 21. b3 Qa3+ 22. Kb1 Rfc8 23. Bb2 Qc5 24. Rc1 Qf5+ 25. Ka1 b6 26. f4 Qa5 27. Qd3 Rxc1+ 28. Rxc1 Rc8 29. Rxc8+ Bxc8 30. Bc3 Qc5 31. Qd4 Qxd4 32. Bxd4 f6 33. Kb2 Kf7 34. Bf3 Bd7 35. h4 h5 36. Kc2 Bf5+ 37. Kd2 e5 38. fxe5 Bxe5 39. Bxe5 fxe5 40. Kc3 Be6 41. Kb4 Bd7 42. Be4 Kf6 43. Bf3 g5 44. hxg5+ Kxg5 45. Kc3 h4 46. Kd2 h3 47. Ke1 Kh4 48. Kf2 Be6 49. Bb7 a5 50. Bc6 Bf5 51. Bd5 Bb1 52. a3 e4 53. Be6 Bc2 54. b4 Bd3 55. Bf5 h2 56. Kg2 h1=Q+ 57. Kxh1 Kg3 58. Kg1 Kf3 59. Bg6 Kxe3 60. Kg2 Kd2 61. bxa5 bxa5 62. Kg3 e3 63. Bh5 Kc3 64. Kf4 e2 65. Bxe2 Bxe2 66. Ke3 Bh5 67. Ke4 Bf7 68. Ke3 Bc4 69. Ke4 a4 70. Ke3 Kb2 71. Kd2 Bb3 72. Kd3 Kxa3 73. Kc3 Ka2 0-1

[Event "RUS-ch Men Blitz 2019"]
[Site "Sochi"]
[Date "2019.10.17"]
[Round "10.28"]
[White "Kovalchuk, Alexey"]
[Black "Goltsev, Dmitry"]
[Result "0-1"]
[ECO "B40"]
[WhiteElo "2388"]
[BlackElo "2309"]
[Annotator "NA"]
[PlyCount "80"]
[EventDate "2019.10.17"]
[EventType "swiss"]
[EventCountry "RUS"]
[SourceTitle "playchess.com"]
[Source "ChessBase"]
[SourceQuality "1"]
[TimeControl "180+2"]

1. e4 c5 2. Nf3 e6 3. g3 Nc6 4. Bg2 d5 5. exd5 exd5 6. d4 Nf6 7. O-O Be6 8. Nc3 h6 9. Be3 b6 10. Ne2 Bd6 11. Nf4 O-O 12. Re1 Re8 13. Nxe6 fxe6 14. c3 cxd4 15. cxd4 Rc8 16. Qa4 Qd7 17. Rac1 Ne5 18. Qxd7 Nexd7 19. Bf1 Kf7 20. Ba6 Rxc1 21. Rxc1 Nb8 22. Bb5 Rd8 23. Ne5+ Ke7 24. Ng6+ Kf7 25. Ne5+ Ke7 26. h3 a6 27. Bd3 b5 28. Nc6+ Kd7 29. Nxd8 Kxd8 30. Kf1 Kd7 31. Ke2 Ng8 32. f4 Ne7 33. g4 Nbc6 34. Rf1 Bc7 35. f5 Bb6 36. f6 gxf6 37. Rxf6 Nxd4+ 38. Bxd4 Bxd4 39. Rxh6 Bxb2 40. g5 e5 0-1

[Event "RUS-ch Men Blitz 2019"]
[Site "Sochi"]
[Date "2019.10.17"]
[Round "10.29"]
[White "Ivlev, Aleksey"]
[Black "Belyakov, Bogdan"]
[Result "0-1"]
[ECO "E73"]
[WhiteElo "2292"]
[BlackElo "2495"]
[Annotator "ChessBase"]
[PlyCount "72"]
[EventDate "2019.10.17"]
[EventType "swiss"]
[EventCountry "RUS"]
[SourceTitle "playchess.com"]
[Source "ChessBase"]
[SourceQuality "1"]
[TimeControl "180+2"]

1. d4 Nf6 2. c4 g6 3. Nc3 Bg7 4. e4 d6 5. Be2 O-O 6. Bg5 h6 7. Be3 c5 8. d5 e6 9. dxe6 Bxe6 10. h3 Nc6 11. Nf3 Na5 12. Nd2 Nd7 13. Rc1 Ne5 14. b3 Nac6 15. O-O Nd4 16. Nf3 Nexf3+ 17. Bxf3 Rb8 18. Nb5 Nxf3+ 19. Qxf3 a6 20. Nc3 b5 21. cxb5 axb5 22. Rfd1 Qa5 23. Nd5 Bxd5 24. Rxd5 Qxa2 25. Bf4 c4 26. bxc4 b4 27. Rd2 Qa4 28. Rb1 Rbc8 29. Bxd6 Rfd8 30. Rxb4 Qa5 31. Qb3 Be5 32. c5 Rxc5 33. Bxe5 Rc1+ 34. Kh2 Qxe5+ 35. g3 Rxd2 36. Kg2 Rcc2 0-1

[Event "RUS-ch Men Blitz 2019"]
[Site "Sochi"]
[Date "2019.10.17"]
[Round "10.30"]
[White "Skvortsov, Andrei"]
[Black "Glek, Igor"]
[Result "1/2-1/2"]
[ECO "B23"]
[WhiteElo "2139"]
[BlackElo "2467"]
[Annotator "ChessBase"]
[PlyCount "165"]
[EventDate "2019.10.17"]
[EventType "swiss"]
[EventCountry "RUS"]
[SourceTitle "playchess.com"]
[Source "ChessBase"]
[SourceQuality "1"]
[TimeControl "180+2"]

1. e4 c5 2. Ne2 Nc6 3. Nbc3 g6 4. g3 Bg7 5. Bg2 e6 6. O-O Nge7 7. f4 O-O 8. e5 d6 9. exd6 Qxd6 10. Ne4 Qd8 11. Kh1 b6 12. N2c3 Bb7 13. d3 Qd7 14. Be3 Nd4 15. Bxd4 cxd4 16. Ne2 Nf5 17. Qd2 Ne3 18. Rf2 Nxg2 19. Rxg2 f5 20. Ng5 h6 21. Nh3 Rac8 22. Kg1 Bxg2 23. Kxg2 Qc6+ 24. Kf2 Qxc2 25. Rd1 Qxd2 26. Rxd2 Rc5 27. Nhg1 g5 28. Nf3 g4 29. Nfxd4 Kf7 30. Nb3 Rc7 31. d4 Rfc8 32. Nc3 Rd7 33. Ke3 h5 34. Nd1 a5 35. Nc3 Rc4 36. Ne2 a4 37. Na1 Rdc7 38. b3 axb3 39. axb3 Rb4 40. Ra2 Rd7 41. Rd2 Ra7 42. Rd1 Ra2 43. Kd3 Bf8 44. Rb1 Rxe2 45. Kxe2 Rxd4 46. Nc2 Re4+ 47. Kd3 Bc5 48. Ra1 h4 49. Rf1 h3 50. Ra1 Kf6 51. Rf1 e5 52. fxe5+ Kxe5 53. Ra1 f4 54. gxf4+ Rxf4 55. Re1+ Kf5 56. Re2 b5 57. b4 Bxb4 58. Nd4+ Kf6 59. Nxb5 Rf3+ 60. Ke4 Bc5 61. Nc7 Bd6 62. Nd5+ Kg5 63. Rc2 Rf1 64. Ne3 Re1 65. Kd3 Bf4 66. Nd5 Rd1+ 67. Ke4 Bd6 68. Ne3 Rh1 69. Rc6 Bxh2 70. Rc5+ Kg6 71. Nxg4 Bg3 72. Kf3 Bh4 73. Rc6+ Kf5 74. Rc5+ Ke6 75. Rh5 Be1 76. Nf2 Rf1 77. Ke2 Rxf2+ 78. Kxe1 Rf3 79. Ke2 Ra3 80. Kf2 Kf6 81. Kg1 Kg6 82. Rh8 Kg5 83. Kh2 1/2-1/2

[Event "RUS-ch Men Blitz 2019"]
[Site "Sochi"]
[Date "2019.10.17"]
[Round "10.31"]
[White "Bespalov, Konstantin"]
[Black "Musalov, Ruslan"]
[Result "0-1"]
[ECO "C55"]
[WhiteElo "2258"]
[BlackElo "2348"]
[Annotator "NA"]
[PlyCount "129"]
[EventDate "2019.10.17"]
[EventType "swiss"]
[EventCountry "RUS"]
[SourceTitle "playchess.com"]
[Source "ChessBase"]
[SourceQuality "1"]
[TimeControl "180+2"]

1. e4 e5 2. Bc4 Nf6 3. d4 exd4 4. Nf3 Nc6 5. O-O Bc5 6. e5 d5 7. exf6 dxc4 8. fxg7 Rg8 9. Re1+ Be6 10. Bg5 Qd5 11. Nc3 Qf5 12. Ne4 Rxg7 13. Nh4 Qxg5 14. Nxg5 Rxg5 15. Nf3 Rd5 16. b3 cxb3 17. axb3 O-O-O 18. Qd3 a6 19. Qxh7 d3 20. cxd3 Rxd3 21. Rec1 Bb6 22. h3 Rxb3 23. Qc2 Rbd3 24. Rxa6 bxa6 25. Qxc6 Rd1+ 26. Rxd1 Rxd1+ 27. Kh2 Bd5 28. Qa4 Bxf3 29. gxf3 Rd2 30. Qxa6+ Kb8 31. Kg3 Bxf2+ 32. Kg4 Rd6 33. Qb5+ Bb6 34. Qe8+ Kb7 35. Qxf7 Be3 36. Qb3+ Bb6 37. f4 c5 38. f5 c4 39. Qf3+ Kc7 40. f6 Rc6 41. f7 Bc5 42. f8=Q Bxf8 43. Qxf8 c3 44. Qf7+ Kb8 45. Qb3+ Kc7 46. Qc2 Kd7 47. h4 Ke7 48. h5 Kf7 49. Qf5+ Ke7 50. Qe4+ Kd7 51. Qc2 Ke7 52. Kg5 Kf7 53. Qf5+ Ke7 54. Qe4+ Kd7 55. Qc2 Ke7 56. h6 Rc5+ 57. Kg6 Rc6+ 58. Kg7 Rc5 59. Qe4+ Kd6 60. Qf4+ Kd5 61. h7 c2 62. Qc1 Rc7+ 63. Kg6 Rc6+ 64. Kf5 Rc8 65. Qd2+ 0-1

[Event "RUS-ch Men Blitz 2019"]
[Site "Sochi"]
[Date "2019.10.17"]
[Round "11.3"]
[White "Shimanov, Aleksandr"]
[Black "Yudin, Sergei"]
[Result "1/2-1/2"]
[ECO "D00"]
[WhiteElo "2587"]
[BlackElo "2497"]
[Annotator "ChessBase"]
[PlyCount "80"]
[EventDate "2019.10.17"]
[EventType "swiss"]
[EventCountry "RUS"]
[SourceTitle "playchess.com"]
[Source "ChessBase"]
[SourceQuality "1"]
[TimeControl "180+2"]

1. d4 d5 2. Bf4 c5 3. e3 Nc6 4. c3 Nf6 5. Nd2 Bf5 6. Ngf3 e6 7. Qb3 Qc8 8. Nh4 Bg4 9. h3 Bh5 10. g4 Bg6 11. Nxg6 hxg6 12. Bg2 Be7 13. O-O O-O 14. Rfd1 Rd8 15. Rac1 cxd4 16. exd4 Bd6 17. Bxd6 Rxd6 18. f4 Qc7 19. Rf1 b5 20. Rce1 b4 21. f5 bxc3 22. bxc3 exf5 23. gxf5 g5 24. Re3 Rb8 25. Qa3 Rdd8 26. Rfe1 Nh5 27. Qc5 Nf4 28. Nf3 Nxg2 29. Kxg2 Rb2+ 30. R1e2 Rxe2+ 31. Rxe2 Qd7 32. Ne5 Nxe5 33. Rxe5 f6 34. Re6 Rc8 35. Qb4 Qc7 36. Qb5 Qxc3 37. Qxd5 Kh7 38. Re2 Qd3 39. Qf3 Qxd4 40. Qh5+ Kg8 1/2-1/2

[Event "RUS-ch Men Blitz 2019"]
[Site "Sochi"]
[Date "2019.10.17"]
[Round "11.5"]
[White "Golubov, Saveliy"]
[Black "Sakaev, Konstantin"]
[Result "1/2-1/2"]
[ECO "D02"]
[WhiteElo "2469"]
[BlackElo "2595"]
[Annotator "ChessBase"]
[PlyCount "245"]
[EventDate "2019.10.17"]
[EventType "swiss"]
[EventCountry "RUS"]
[SourceTitle "playchess.com"]
[Source "ChessBase"]
[SourceQuality "1"]
[TimeControl "180+2"]

1. d4 d5 2. Nf3 Nf6 3. c3 e6 4. Bf4 c5 5. e3 Nc6 6. Nbd2 cxd4 7. exd4 Nh5 8. Bg3 Nxg3 9. hxg3 g6 10. g4 Bg7 11. Be2 Qd6 12. O-O O-O 13. a4 f6 14. Re1 e5 15. dxe5 fxe5 16. g5 Be6 17. c4 Rad8 18. cxd5 Bxd5 19. Bc4 Bxc4 20. Nxc4 Qxd1 21. Raxd1 Rxd1 22. Rxd1 e4 23. Nfd2 Rd8 24. Re1 Bxb2 25. Nxe4 Bd4 26. Ncd6 b6 27. Rc1 Nb4 28. Rc4 Bc5 29. Nf6+ Kg7 30. Nde4 Nd3 31. Kf1 Rd4 32. Rc3 Nf4 33. Rc1 Rxa4 34. g3 Ne6 35. Rd1 Rd4 36. Ra1 a5 37. Rb1 Nxg5 38. Nxc5 bxc5 39. Ne8+ Kf7 40. Nc7 Rb4 41. Ra1 a4 42. Nd5 Rd4 43. Nc3 Ne4 44. Nxa4 Rd2 45. Ke1 Rxf2 46. Nxc5 Rf3 47. Ke2 Ng5 48. Ne4 Kg7 49. Nxg5 Rxg3 50. Ra7+ Kh6 51. Nxh7 Rb3 52. Nf6 Rb6 53. Ne4 Re6 54. Kf3 g5 55. Ra4 Kg6 56. Kg4 Rc6 57. Ra5 Rc4 58. Ra6+ Kf7 59. Kf5 Ke7 60. Ra7+ Kd8 61. Ke5 Rc1 62. Nf6 g4 63. Kd6 Rd1+ 64. Nd5 Ke8 65. Rg7 g3 66. Ke6 Re1+ 67. Kf5 Rf1+ 68. Ke4 Re1+ 69. Ne3 Kf8 70. Rg4 Ke8 71. Rxg3 Kd7 72. Kd5 Ke7 73. Nc4 Rd1+ 74. Ke5 Re1+ 75. Ne3 Kd7 76. Rg7+ Ke8 77. Kf4 Kd8 78. Nc4 Rf1+ 79. Ke5 Re1+ 80. Kd6 Rd1+ 81. Ke6 Re1+ 82. Ne5 Rd1 83. Nf7+ Kc7 84. Rg3 Re1+ 85. Ne5 Kd8 86. Rc3 Re2 87. Rc1 Re3 88. Kd6 Re2 89. Ke6 Re3 90. Kd6 Re2 91. Rd1 Kc8 92. Nc6 Rh2 93. Rb1 Rh6+ 94. Kc5 Rh5+ 95. Kb6 Kd7 96. Rd1+ Ke6 97. Rd8 Rh1 98. Nd4+ Ke5 99. Kc5 Rc1+ 100. Kb4 Rb1+ 101. Kc3 Rc1+ 102. Kd2 Rh1 103. Rd7 Rh2+ 104. Ke3 Rh3+ 105. Nf3+ Ke6 106. Ra7 Rh1 107. Ke4 Kd6 108. Ra6+ Ke7 109. Ke5 Rf1 110. Ra7+ Kd8 111. Nd4 Re1+ 112. Kd6 Ke8 113. Nc6 Rd1+ 114. Ke6 Re1+ 115. Ne5 Kd8 116. Rh7 Kc8 117. Ra7 Re2 118. Ra1 Kc7 119. Rd1 Rh2 120. Rc1+ Kb6 121. Nc4+ Kb5 122. Nd6+ Kb4 123. Ne4 1/2-1/2

[Event "RUS-ch Men Blitz 2019"]
[Site "Sochi"]
[Date "2019.10.17"]
[Round "11.6"]
[White "Nozdrachev, Vladislav"]
[Black "Yuffa, Daniil"]
[Result "0-1"]
[ECO "B18"]
[WhiteElo "2494"]
[BlackElo "2577"]
[Annotator "ChessBase"]
[PlyCount "106"]
[EventDate "2019.10.17"]
[EventType "swiss"]
[EventCountry "RUS"]
[SourceTitle "playchess.com"]
[Source "ChessBase"]
[SourceQuality "1"]
[TimeControl "180+2"]

1. e4 c6 2. d4 d5 3. Nc3 dxe4 4. Nxe4 Bf5 5. Ng3 Bg6 6. Nh3 Nf6 7. Nf4 e5 8. dxe5 Qa5+ 9. Bd2 Qxe5+ 10. Be2 Nbd7 11. O-O O-O-O 12. Qc1 Bc5 13. Bc3 Qc7 14. a4 h5 15. Nxg6 fxg6 16. Bd3 Ne5 17. Qg5 Rd5 18. Bxe5 Rxe5 19. Qxg6 Rh6 20. Bf5+ Kb8 21. Qg5 h4 22. b4 hxg3 23. bxc5 gxh2+ 24. Kh1 Rh5 25. Qd2 Rhxf5 26. f4 Rxc5 27. Rae1 Rfd5 28. Qf2 a5 29. Re2 Rc4 30. Rfe1 Qxf4 31. Qb6 Re4 32. Rb1 Qc7 33. Qf2 Rxe2 34. Qxe2 Qe5 35. Qf2 Rd4 36. Qf3 Rxa4 37. c3 Re4 38. Qf2 Re2 39. Qh4 Qe4 40. Qg3+ Ka8 41. Ra1 Qe5 42. Qh4 Re4 43. Qf2 a4 44. Qd2 Qd5 45. Qf2 Kb8 46. Qb6 a3 47. c4 Qd4 48. Qb1 Qb2 49. Qd1 Rd4 50. Qe1 Rd8 51. Qg3+ Kc8 52. Rxa3 Qc1+ 53. Kxh2 Rh8+ 0-1

[Event "RUS-ch Men Blitz 2019"]
[Site "Sochi"]
[Date "2019.10.17"]
[Round "11.7"]
[White "Nesterov, Arseniy"]
[Black "Savchenko, Boris"]
[Result "0-1"]
[ECO "A05"]
[WhiteElo "2484"]
[BlackElo "2581"]
[Annotator "ChessBase"]
[PlyCount "64"]
[EventDate "2019.10.17"]
[EventType "swiss"]
[EventCountry "RUS"]
[SourceTitle "playchess.com"]
[Source "ChessBase"]
[SourceQuality "1"]
[TimeControl "180+2"]

1. Nf3 Nf6 2. c4 g6 3. Nc3 d5 4. cxd5 Nxd5 5. Qc2 Bg7 6. e4 Nb6 7. d4 Bg4 8. Be3 Bxf3 9. gxf3 Bxd4 10. Nb5 Nc6 11. Rd1 e5 12. Nxd4 Nxd4 13. Bxd4 exd4 14. Qc5 Qe7 15. Bb5+ c6 16. Bxc6+ bxc6 17. Qxc6+ Kf8 18. O-O Rc8 19. Qb5 Rc5 20. Qd3 Qg5+ 21. Kh1 Qf4 22. Qa3 Qd6 23. Qxa7 Kg7 24. Qa3 Rd8 25. Rd3 Nc4 26. Qb4 Ne5 27. Rb3 d3 28. f4 Nf3 29. Kg2 Qxf4 30. Qxc5 Qg4+ 31. Kh1 Qh3 32. Qc3+ Kg8 0-1

[Event "RUS-ch Men Blitz 2019"]
[Site "Sochi"]
[Date "2019.10.17"]
[Round "11.8"]
[White "Korchmar, Vasiliy"]
[Black "Tsydypov, Zhamsaran"]
[Result "0-1"]
[ECO "D11"]
[WhiteElo "2432"]
[BlackElo "2553"]
[Annotator "ChessBase"]
[PlyCount "56"]
[EventDate "2019.10.17"]
[EventType "swiss"]
[EventCountry "RUS"]
[SourceTitle "playchess.com"]
[Source "ChessBase"]
[SourceQuality "1"]
[TimeControl "180+2"]

1. d4 d5 2. c4 c6 3. Nf3 Nf6 4. g3 dxc4 5. Bg2 b5 6. Ne5 Bb7 7. O-O Qc8 8. b3 cxb3 9. axb3 Nbd7 10. Bb2 e6 11. Nc3 a6 12. Rc1 Be7 13. Nd3 O-O 14. Ne4 Nxe4 15. Bxe4 a5 16. Qc2 Nf6 17. Bf3 a4 18. bxa4 Rxa4 19. Ne5 Nd5 20. Nxc6 Bf6 21. e4 Rc4 22. Qb3 Qxc6 23. exd5 exd5 24. Be2 Bxd4 25. Ba3 Rc8 26. Rb1 Ba6 27. Bxc4 dxc4 28. Qd1 Bb7 0-1